 Dungeon Crawl Stone Soup version 0.31.0-32-g396128a36d (webtiles) character file.

Game seed: 9163612429044113484

29616 Xoai the Fencer (level 13, -7/111 HPs)
             Began as a Red Draconian Fighter on Apr 13, 2024.
             Was an Elder of Dithmenos.
             Mangled by a komodo dragon (29 damage)
             ... on level 5 of the Lair of Beasts.
             The game lasted 00:59:44 (17834 turns).

Xoai the Fencer (Red Draconian Fighter)            Turns: 17834, Time: 00:59:45

Health: -7/111     AC: 10    Str: 20    XL:     13   Next: 16%
Magic:  18/18      EV: 16    Int:  8    God:    Dithmenos [****..]
Gold:   948        SH:  0    Dex: 21    Spells: 12/12 levels left

rFire   + + .        a - +2 great sword (vamp)
rCold   . . .        (shield currently unavailable)
rNeg    . . .        (body armour unavailable)
rPois   .            (helmet restricted)
rElec   .            c - scarf {repulsion}
rCorr   .            H - +0 pair of gloves
SInv    .            q - +0 pair of boots
Will    .....        (no amulet)
Stlth   ++           n - ring of protection from fire
HPRegen 0.38/turn    w - +6 ring of dexterity
MPRegen 0.16/turn

%: repel missiles
@: wreathed by umbra
A: breathe fire, AC +8, unfitting armour, fire resistance 1, cold-blooded
a: Breathe Fire, Renounce Religion, Shadow Step


You were on level 5 of the Lair of Beasts.
You worshipped Dithmenos.
Dithmenos was greatly pleased with you.
You visited 3 branches of the dungeon, and saw 15 of its levels.

You collected 948 gold pieces.

Inventory:

Hand Weapons
 a - a +2 vampiric great sword (weapon)
 b - a +0 orcbow
 e - a +1 dagger of electrocution
 j - a +0 sling
 y - a +2 demon blade of protection
 z - a +1 scimitar
 D - a +6 double sword of holy wrath
Armour
 c - a scarf of repulsion (worn)
 q - a +0 pair of boots (worn)
 H - a +0 pair of gloves (worn)
Jewellery
 n - a ring of protection from fire (left hand)
 t - a ring of ice
 w - a +6 ring of dexterity (right hand)
 x - a ring of magical power
 B - a ring of willpower
 F - a ring of fire
 K - an amulet of magic regeneration
Talismans
 r - a dragon-blood talisman
Wands
 h - a wand of charming (8)
 p - a wand of mindburst (11)
 A - a wand of flame (17)
 J - a wand of polymorph (5)
Scrolls
 i - a scroll of fog
 l - 3 scrolls of torment
 u - 2 scrolls of amnesia
 E - 2 scrolls of vulnerability
Potions
 d - 3 potions of enlightenment
 f - a potion of cancellation
 g - 2 potions of invisibility
 m - a potion of magic {unknown}
 o - a potion of lignification {unknown}
 s - a potion of mutation
 v - a potion of heal wounds {unknown}
 C - a potion of degeneration {unknown}
 G - 3 potions of ambrosia
 I - a potion of brilliance {unknown}


   Skills:
 - Level 9.4 Fighting
 * Level 15.6 Long Blades
 * Level 7.1 Ranged Weapons
 - Level 5.8 Dodging
 - Level 8.4 Shields
 - Level 7.9 Invocations


You had 12 spell levels left.
You didn't know any spells.
Your spell library contained the following spells:

 Spells                   Type           Power      Damage    Failure   Level
 Blink                    Tloc           0%         N/A       54%         2
 Lesser Beckoning         Tloc           0%         N/A       54%         2
 Momentum Strike          Conj/Tloc      0%         3d8       54%         2
 Hailstorm                Conj/Ice       0%         3d5       78%         3
 Summon Ice Beast         Ice/Summ       0%         N/A       78%         3
 Summon Lightning Spire   Summ/Air       0%         N/A       99%         4
 Lee's Rapid Deconstruct  Erth           0%         3d4*      100%        5
 Sculpt Simulacrum        Ice/Alch       0%         N/A       100%        6
 Animate Armour           Summ/Erth      Unusable   N/A       N/A         4

Dungeon Overview and Level Annotations

Branches:
Dungeon (9/15)             Temple (1/1) D:5            Lair (5/5) D:9
  Swamp (0/4) Lair:3        Snake (0/4) Lair:3        Slime (0/5) Lair:5
    Orc: D:9-12

Altars:
Ashenzari
Cheibriados
Dithmenos
Elyvilon
Fedhas
Gozag
Hepliaklqana
Kikubaaqudgha
Makhleb
Nemelex Xobeh
Okawaru
Qazlal
Ru
Sif Muna
Trog
Uskayaw
Vehumet
Wu Jian
Xom
Yredelemnul
Zin
The Shining One

Shops:
D:2 !

Annotations:
D:8 2 transporters, TerraPolaris's ghost, novice TrFi
Lair:1 2 transporters
Lair:2 1 exclusion
Lair:4 exclusion: door


Innate Abilities, Weirdness & Mutations

You can breathe blasts of fire.
Your fiery red scales are hard. (AC +8)
You cannot fit into any form of body armour.
Your flesh is heat resistant. (rF+)
You are cold-blooded and may be slowed by cold attacks.


Message History

The elephant misses you.
The elephant trunk-slaps you but does no damage.
The wolf howls! x2
You hear a bellow!
The komodo dragon bites you but does no damage.
The boulder beetle attacks as it pursues you!
The boulder beetle bites you.
The komodo dragon attacks as it pursues you!
The komodo dragon closely misses you.
The elephant tramples the plant!
The plant begins to die.
The elephant trunk-slaps the plant.
Aiming: Dig
Press: ? - help, Shift-Dir - straight line A rock wall.
This square is wreathed by an umbra.
The rock shatters into small pieces.
The now-empty wand crumbles to dust.
The elephant tramples the plant!!
The plant begins to die.
The elephant trunk-slaps the plant.
The komodo dragon barely misses you.
The elephant tramples the plant!
The elephant trunk-slaps the plant.
The elephant tramples the plant!
The elephant trunk-slaps the plant.
The elephant tramples the plant!
The elephant trunk-slaps the plant.
A nearby plant withers and dies.
The elephant tramples the plant!
The elephant trunk-slaps the plant.
The elephant tramples the plant!
The elephant trunk-slaps the plant.
The wolf completely misses the plant.
The boulder beetle bites the plant!
Something tramples the plant!
Something trunk-slaps the plant.
The elephant tramples the plant!!
The elephant trunk-slaps the plant.
A nearby plant withers and dies.
You hit the komodo dragon.
You feel better.
You tail-slap the komodo dragon, but do no damage.
The komodo dragon is lightly wounded.
Your shadow hits the komodo dragon with a great sword!
The komodo dragon bites you!!
* * * LOW HITPOINT WARNING * * *
You hit the komodo dragon but do no damage.
The komodo dragon is heavily wounded.
The komodo dragon misses you.
You barely miss the komodo dragon.
The komodo dragon is heavily wounded.
The komodo dragon bites you!!
You die...

..P.#..§§§§§§§....
#..#.....§§§.§....
#..#...§§§§......
#.....§.........
###.............
##............
###..........
#######YhY.......
#...@lYBhh.......
########Y........
#.........
..........
#..........
#.##....... #.
....... .. ......


You could see a boulder beetle, 4 elephants, a komodo dragon and 3 wolves.

Vanquished Creatures
  2 entropy weavers (Lair:4)
  2 hydras (Lair:3)
  2 ghost crabs (Lair:4)
  2 death yaks (Lair:3)
  Urug (Lair:3)
  5 fire crabs (Lair:4)
  A skyshark (Lair:4)
  2 bog bodies (Lair:3)
  A lindwurm (Lair:4)
  A black mamba (Lair:3)
  8 cane toads
  A torpor snail (Lair:3)
  6 komodo dragons
  2 rime drakes
  A hornet (D:9)
  6 polar bears
  A troll (D:9)
  Grinder (D:5)
  A blink frog (Lair:2)
  4 dream sheep (Lair:3)
  Sigmund (D:5)
  2 wyverns
  A wraith (D:9)
  2 basilisks
  20 yaks
  2 steam dragons
  14 water moccasins
  A sky beast (D:8)
  6 ice beasts
  An orc warrior (D:9)
  8 wolves
  An ogre (D:7)
  3 centaurs
  A phantom (D:5)
  3 kobold brigands
  A gnoll sergeant (D:8)
  5 scorpions
  18 bullfrogs
  27 wights
  9 killer bees
  A howler monkey (D:6)
  3 jellies
  2 bombardier beetles
  A gnoll bouda (D:6)
  3 hounds
  5 orc priests
  3 sleepcaps
  Crazy Yiuf (D:2)
  6 iguanas
  3 orc wizards
  4 hell rats (Lair:2)
  15 gnolls
  6 adders
  6 river rats (Lair:2)
  3 shadow imps
  6 ufetubi
  2 dart slugs
  2 ribbon worms
  19 orcs
  8 endoplasms
  3 giant cockroaches
  A goblin (D:1)
  7 hobgoblins
  9 jackals (D:2)
  5 quokkas
  4 ball pythons
  3 bats
  4 frilled lizards
  34 kobolds
  9 rats
354 creatures vanquished.

Notes
Turn   | Place    | Note
-------+----------+-------------------------------------------
     0 | D:1      | Xoai the Draconian Fighter began the quest for the Orb.
     0 | D:1      | Reached XP level 1. HP: 19/19 MP: 1/1
   149 | D:1      | Reached XP level 2. HP: 26/26 MP: 2/2
   396 | D:1      | Found a faded altar of an unknown god.
  1204 | D:2      | Reached XP level 3. HP: 15/31 MP: 3/3
  1324 | D:2      | Found a glowing silver altar of Zin.
  1388 | D:1      | HP: 1/33 [gnoll/+0 whip (2)]
  1622 | D:2      | Reached skill level 3 in Long Blades
  1769 | D:2      | Reached XP level 4. HP: 40/40 MP: 4/4
  1944 | D:2      | Found Jifycew's Distillery.
  2315 | D:2      | Found a runed translucent door.
  2316 | D:2      | Noticed Crazy Yiuf
  2329 | D:2      | Killed Crazy Yiuf
  2476 | D:3      | Found a stormy altar of Qazlal.
  2503 | D:3      | Found a shimmering blue altar of Sif Muna.
  2695 | D:3      | Found a hazy altar of Hepliaklqana.
  2698 | D:3      | Reached XP level 5. HP: 46/46 MP: 5/5
  2762 | D:3      | Found a radiant altar of Vehumet.
  2799 | D:3      | Found a broken altar of Ashenzari.
  2959 | D:3      | Reached skill level 4 in Long Blades
  3314 | D:4      | Reached XP level 6. HP: 53/53 MP: 6/6
  3692 | D:4      | Reached skill level 5 in Long Blades
  3972 | D:5      | Entered Level 5 of the Dungeon
  4027 | D:5      | Reached skill level 6 in Long Blades
  4037 | D:5      | Your scales start taking on a fiery red colour.
  4037 | D:5      | Reached XP level 7. HP: 51/60 MP: 7/7
  4037 | D:5      | Gained mutation: Your flesh is heat resistant. (rF+) [Red
                  | Draconian growth]
  4060 | D:5      | Noticed Grinder
  4202 | D:5      | Found a staircase to the Ecumenical Temple.
  4208 | D:5      | Noticed Sigmund
  4365 | D:5      | Reached skill level 7 in Long Blades
  4431 | D:5      | Paralysed by Grinder for 3 turns
  4439 | D:5      | Killed Grinder
  4440 | D:5      | Reached skill level 8 in Long Blades
  4514 | Temple   | Entered the Ecumenical Temple
  4538 | Temple   | Became a worshipper of Dithmenos the Shadowed
  4613 | D:5      | Reached XP level 8. HP: 54/67 MP: 8/8
  4693 | D:5      | Killed Sigmund
  4774 | D:5      | Reached skill level 9 in Long Blades
  4799 | D:5      | Found a white marble altar of Elyvilon.
  4879 | D:5      | Found an ancient bone altar of Kikubaaqudgha.
  5316 | D:6      | Reached skill level 1 in Invocations
  5501 | D:6      | Found a blossoming altar of Fedhas.
  5810 | D:6      | Reached skill level 5 in Fighting
  5841 | D:6      | Reached * piety under Dithmenos
  5938 | D:6      | Reached XP level 9. HP: 66/74 MP: 10/10
  6248 | D:6      | Reached skill level 10 in Long Blades
  6643 | D:7      | Identified the +1 trident "Beetleslayer" {freeze, *Corrode
                  | rPois Will- Dex+4}
  6843 | D:7      | Reached skill level 5 in Shields
  6972 | D:7      | Reached ** piety under Dithmenos
  7386 | D:7      | Reached skill level 5 in Dodging
  8051 | D:8      | Found a transporter.
  8155 | D:8      | Found a transporter.
  8156 | D:8      | Noticed TerraPolaris's ghost (novice TrFi)
  8421 | D:8      | Reached skill level 11 in Long Blades
  8421 | D:8      | Reached XP level 10. HP: 73/83 MP: 13/13
  8834 | D:9      | Reached *** piety under Dithmenos
  9000 | D:9      | Found a staircase to the Lair.
  9272 | D:9      | Paralysed by a hornet for 2 turns
  9277 | D:9      | Reached skill level 5 in Invocations
  9677 | D:9      | Found a hide-covered altar of Uskayaw.
  9841 | D:9      | Noticed a boulder beetle
 10552 | Lair:1   | Entered Level 1 of the Lair of Beasts
 10552 | Lair:1   | Found a transporter.
 10609 | Lair:1   | Reached skill level 12 in Long Blades
 10700 | Lair:1   | Reached **** piety under Dithmenos
 10736 | Lair:1   | Noticed a cane toad
 10752 | Lair:1   | Killed a cane toad
 10753 | Lair:1   | Reached XP level 11. HP: 57/94 MP: 15/15
 11601 | Lair:1   | Found a transporter.
 12075 | Lair:2   | Noticed a four-headed hydra
 12191 | Lair:2   | Reached skill level 13 in Long Blades
 13195 | Lair:3   | Noticed a four-headed hydra
 13232 | Lair:3   | Killed a four-headed hydra
 13582 | Lair:3   | Noticed a four-headed hydra
 13865 | Lair:3   | Reached XP level 12. HP: 104/104 MP: 17/17
 13878 | Lair:3   | Killed a four-headed hydra
 14285 | Lair:3   | Found a staircase to the Snake Pit.
 14430 | Lair:3   | Reached skill level 1 in Ranged Weapons
 14460 | Lair:3   | Reached skill level 14 in Long Blades
 14545 | Lair:3   | Noticed a death yak
 14564 | Lair:3   | Noticed a death yak
 14570 | Lair:3   | Killed a death yak
 14577 | Lair:3   | Killed a death yak
 14940 | Lair:3   | Noticed Urug
 14953 | Lair:3   | Killed Urug
 14963 | Lair:3   | Found a staircase to the Swamp.
 15595 | Lair:4   | Reached skill level 5 in Ranged Weapons
 15742 | Lair:4   | Reached skill level 15 in Long Blades
 15934 | Lair:4   | Found a runed translucent door.
 16351 | Lair:4   | Noticed an entropy weaver
 16377 | Lair:4   | Killed an entropy weaver
 16742 | Lair:4   | Reached XP level 13. HP: 94/111 MP: 18/18
 17511 | Lair:5   | Entered Level 5 of the Lair of Beasts
 17555 | Lair:5   | Found a staircase to the Slime Pits.
 17834 | Lair:5   | Mangled by a komodo dragon

Illustrated notes

Levels and vault maps discovered:
D:1:      amcnicky_arrival_gap_in_the_tavern_cellar, layout_basic,
          basic_ecumenical_altar
D:2:      layout_loops_ring, basic_altar, serial_shops, shop,
          uniq_crazy_yiuf_cottage
D:3:      layout_basic, grunt_qazlal_clouds, nicolae_overflow_crystal_walls,
          mainiacjoe_overflow_surrounded_room, grunt_temple_overflow_open,
          dk_noncrumbling_4
D:4:      layout_cave_pools, serial_rivers, chequers_serial_rivers_micro_a,
          chequers_serial_rivers_small_3, chequers_serial_rivers_small_3,
          chequers_serial_rivers_micro_e, chequers_serial_rivers_large_a,
          chequers_serial_rivers_micro_a
D:5:      layout_loops_ring, elyvilon_altar_3, mainiacjoe_overflow_paths,
          minmay_temple_entry_mini_moons, minivault_4, grunt_decor_fettered,
          uniq_grinder, uniq_sigmund
D:6:      kennysheep_kobold_camp, layout_loops_ring,
          mainiacjoe_overflow_24_doors
D:7:      layout_loops_ring, kennysheep_dice
D:8:      layout_gridville, gammafunk_ghost_arena
D:9:      layout_stronghold, nicolae_uskayaw_dance_studio,
          erik_lair_orcish_takeover
Temple:   nicolae_temple_god_jail
Lair:1:   gammafunk_worm_tunnel, layout_cave_pods, serial_bayou_shore_b
Lair:2:   layout_gridlike, kennysheep_abandoned_house
Lair:3:   layout_gridlike, skrybe_swamp_entry_bodies,
          minmay_snake_entry_six_corridors, serial_bayou_shore_a, uniq_urug
Lair:4:   gammafunk_mikee_crab_dinner, layout_gridlike
Lair:5:   hangedman_lair_caniforms_friends, layout_cave_shapes, wormcave,
          slime_entry_1, lemuel_oklob_altar

Skill      XL: |  1  2  3  4  5  6  7  8  9 10 11 12 13 |
---------------+----------------------------------------+-----
Dodging        | 3 4 5 |  5.8
Long Blades    | 3 4 6 8 9 11 12 13 15 | 15.6
Fighting       | 4 5 6 7 9 |  9.4
Shields        | 4 5 6 8 |  8.4
Invocations    | 2 4 6 7 |  7.9
Ranged Weapons | 6 7 |  7.1

Action                     |  1- 3 |  4- 6 |  7- 9 | 10-12 | 13-15 || total
---------------------------+-------+-------+-------+-------+-------++-------
  Melee: Long sword        |   112 |    95 |       |       |       ||   207
         Tailslap          |     4 |    20 |    62 |    88 |     9 ||   183
         Demon blade       |       |    47 |   366 |   423 |       ||   836
         Great sword       |       |       |       |   152 |    57 ||   209
         Dagger            |       |       |       |    13 |       ||    13
   Fire: Orcbow            |       |       |       |    47 |       ||    47
 Invoke: Shadow Step       |       |       |       |     5 |     1 ||     6
Ability: Breathe Fire      |       |       |     1 |     5 |       ||     6
  Evoke: Wand              |       |       |    14 |    18 |     1 ||    33
    Use: Scroll            |     5 |     3 |     4 |    10 |     1 ||    23
         Potion            |     1 |     3 |     1 |     6 |     1 ||    12
   Stab: Sleeping          |       |     3 |     3 |     7 |       ||    13
         Distracted        |       |       |     1 |       |       ||     1
         Invisible         |       |       |       |     3 |       ||     3
 Armour: Skin              |    62 |    64 |   148 |   268 |    78 ||   620
  Dodge: Dodged            |    72 |    52 |   172 |   301 |    79 ||   676
         Repelled          |       |     2 |       |     1 |       ||     3
  Block: Buckler           |    28 |    32 |    71 |    82 |       ||   213
